 Dungeon Crawl Stone Soup version 0.21.1-1-g345015f (webtiles) character file.

91 prawnwizard the Firebug (level 4, -7/24 HPs)
             Began as a Deep Elf Fire Elementalist on July 1, 2018.
             Was an Initiate of Vehumet.
             Engulfed by a cloud of flame (15 damage)
             ... on level 3 of the Dungeon.
             The game lasted 00:04:43 (2045 turns).

prawnwizard the Firebug (DEFE)                      Turns: 2045, Time: 00:04:44

Health: -7/24      AC:  2    Str:  5    XL:     4   Next: 33%
Magic:  10/11      EV: 13    Int: 21    God:    Vehumet [......]
Gold:   158        SH:  0    Dex: 15    Spells: 9/10 levels left

rFire    . . .     SeeInvis .   (no weapon)
rCold    . . .     Gourm    .   (no shield)
rNeg     . . .     Faith    .   a - +0 robe
rPois    .         Spirit   .   (no helmet)
rElec    .         Reflect  .   (no cloak)
rCorr    .         Harm     .   (no gloves)
MR       .....                  (no boots)
Stlth    ++........             (no amulet)
HPRegen  0.08/turn              (no ring)
MPRegen  0.12/turn              (no ring)

@: no status effects
A: no striking features
a: Renounce Religion


You were on level 3 of the Dungeon.
You worshipped Vehumet.
Vehumet was noncommittal.
You were not hungry.

You visited 1 branch of the dungeon, and saw 3 of its levels.

You collected 158 gold pieces.

Inventory:

Armour
 a - a +0 robe (worn)
Wands
 l - a wand of iceblast (14)
Scrolls
 h - a scroll of identify {unknown}
 k - 2 scrolls of enchant armour {unknown}
 n - a scroll of noise {unknown}
 o - a scroll of fog {unknown}
Potions
 d - a potion of mutation {unknown}
 e - 2 potions of curing {unknown}
 f - 4 potions of flight {unknown}
 g - a potion of lignification {unknown}
 i - a potion of agility {unknown}
 j - a potion of heal wounds {unknown}
Books
 b - a book of Flames

   Spells                             Type                      Level
   a - Flame Tongue                   Conjuration/Fire             1
   b - Throw Flame                    Conjuration/Fire             2
   c - Conjure Flame                  Conjuration/Fire             3
   d - Inner Flame                    Hexes/Fire                   3
   e - Sticky Flame                   Conjuration/Fire             4
   f - Fireball                       Conjuration/Fire             5
Comestibles
 c - 6 rations
 m - 3 chunks of flesh


   Skills:
 + Level 3.1 Dodging
 - Level 2.4 Stealth
 + Level 3.8 Spellcasting
 + Level 2.1 Conjurations
 * Level 4.5 Fire Magic


You had 9 spell levels left.
You knew the following spells:

 Your Spells              Type           Power        Failure   Level  Hunger
a - Flame Tongue          Conj/Fire      ###..        3%          1    None


Dungeon Overview and Level Annotations

Branches:
Dungeon (3/15)

Altars:
Ashenzari
Trog
Vehumet


Message History

Casting: Flame Tongue
Confirm with . or Enter, or press ? or * to list all spells.
You can't see any susceptible monsters within range! (Use Z to cast anyway.) Unknown command.
Really walk into a travel-excluded area?
Uppercase [Y]es or [N]o only, please.
Really walk into a travel-excluded area?
A kobold comes into view.
Found 17 stones.
You are engulfed in blazing flames.
Ouch! That really hurt!
* * * LOW HITPOINT WARNING * * *
You see here an adder corpse.
There is a radiant altar of Vehumet here.
You kneel at the altar of Vehumet.
Vehumet welcomes you!
A quokka and a giant cockroach come into view.
You are engulfed in blazing flames.
Ouch! That really hurt!
You die...

.# . #.# ...
#.# .#.# #.#
....# #.#
.....###.###
......§).(.#
#...@§§.#
r...#.§._§.##
s#.###.§§§."#
...K(.......#
.###.###....#
#.# #....#
#.# #.##.# #
#.# #.# .#
#.# #.# #.#
.#


You could see a quokka (sleeping) and a giant cockroach (sleeping).

Vanquished Creatures
  5 adders (D:2)
  A worm (D:2)
  A dart slug (D:1)
  A ball python (D:1)
  A giant cockroach (D:2)
  8 goblins
  2 hobgoblins (D:2)
  7 jackals
  3 quokkas (D:2)
  3 bats
  2 frilled lizards (D:2)
  A kobold (D:2)
  7 rats
42 creatures vanquished.

Vanquished Creatures (others)
  An adder (D:3)
1 creature vanquished.

Grand Total: 43 creatures vanquished

Notes
Turn   | Place    | Note
-------+----------+-------------------------------------------
     0 | D:1      | prawnwizard the Deep Elf Fire Elementalist began the quest for the Orb.
     0 | D:1      | Reached XP level 1. HP: 10/10 MP: 6/6
   316 | D:1      | Found a shattered altar of Ashenzari.
   469 | D:1      | Reached XP level 2. HP: 15/15 MP: 5/8
  1011 | D:2      | Reached skill level 4 in Fire Magic
  1011 | D:2      | Reached XP level 3. HP: 14/19 MP: 4/9
  1618 | D:2      | Reached XP level 4. HP: 18/24 MP: 5/11
  1874 | D:2      | Found a bloodstained altar of Trog.
  2036 | D:3      | Found a radiant altar of Vehumet.
  2044 | D:3      | Became a worshipper of Vehumet
  2045 | D:3      | Engulfed by a cloud of flame

Skill      XL: |  1  2  3 |
---------------+----------+-----
Fire Magic     | 4 |  4.5
Dodging        | 3 |  3.1
Conjurations   | 2 |  2.1
Stealth        | |  2.4
Spellcasting   | |  3.8

Action                   |  1- 3 |  4- 6 || total
-------------------------+-------+-------++-------
 Cast: Flame Tongue      |    57 |    24 ||    81
  Eat: Chunk             |     2 |     1 ||     3
Armor: Robe              |     5 |       ||     5
Dodge: Dodged            |    23 |     5 ||    28
